 Dungeon Crawl Stone Soup version 0.26-a0-1107-g6118521029 (webtiles) character file.

Game seed: 945639607400016323

63 vvl the Gusty (level 3, -3/27 HPs)
             Began as a Draconian Air Elementalist on Dec 17, 2020.
             Slain by Terence
             ... wielding a +2 short sword of freezing
              (4 damage)
             ... on level 2 of the Dungeon.
             The game lasted 00:09:22 (1812 turns).

vvl the Gusty (Draconian Air Elementalist)          Turns: 1812, Time: 00:09:22

Health: -3/27      AC:  6    Str: 10    XL:     3   Next: 87%
Magic:  0/6        EV: 12    Int: 16    God:
Gold:   37         SH:  0    Dex: 11    Spells: 5/6 levels left

rFire    . . .     SeeInvis .     - Unarmed
rCold    . . .     Faith    .   (no shield)
rNeg     . . .     Spirit   .   (armour unavailable)
rPois    .         Reflect  .   d - +1 hat
rElec    .         Harm     .   (no cloak)
rCorr    .         Rampage  .   (no gloves)
Will     .....                  (no boots)
Stlth    ++........             (no amulet)
HPRegen  0.09/turn              (no ring)
MPRegen  0.10/turn              (no ring)

@: slowed, very slow
A: unfitting armour, cold-blooded, AC +5
a: no special abilities


You were on level 2 of the Dungeon.
You visited 1 branch of the dungeon, and saw 3 of its levels.

You collected 37 gold pieces.

Inventory:

Armour
 d - a +1 hat (worn)
 g - a +2 pair of gloves of dexterity
Scrolls
 a - 2 scrolls of teleportation {unknown}
 e - 2 scrolls of identify {unknown}
Potions
 c - a potion of heal wounds
 f - 2 potions of attraction {unknown}
 h - a potion of ambrosia {unknown}
 i - a potion of cancellation {unknown}
 j - a potion of lignification {unknown}


   Skills:
 + Level 0.8 Fighting
 + Level 2.0 Dodging
 - Level 1.8 Stealth
 + Level 1.1 Unarmed Combat
 + Level 2.4 Spellcasting
 * Level 1.5 Conjurations
 * Level 3.8 Air Magic


You had 5 spell levels left.
You knew the following spells:

 Your Spells              Type           Power        Failure   Level
a - Shock                 Conj/Air       ##..         7%          1

Your spell library contained the following spells:

 Spells                   Type           Power        Failure   Level
 Swiftness                Air            ##......     6%          2
 Static Discharge         Conj/Air       ##......     21%         3
 Airstrike                Air            ##........   38%         4
 Lightning Bolt           Conj/Air       ##........   88%         5


Dungeon Overview and Level Annotations

Branches:
Dungeon (3/15)

Altars:
Makhleb
Uskayaw

Annotations:
D:2 Terence


Innate Abilities, Weirdness & Mutations

Your plain brown scales are hard. (AC +5)
You cannot fit into any form of body armour.
You are cold-blooded and may be slowed by cold attacks.


Message History

Terence is almost dead.
Terence hits you but does no damage.
You barely miss Terence.
Terence is almost dead.
You feel yourself speed up.
Terence hits you with a +2 short sword of freezing.
Terence freezes you.
Terence bares his teeth.
Terence barely misses you.
The zap hits Terence but does no damage.
Terence is almost dead.
Terence hits you with a +2 short sword of freezing.
Terence freezes you.
* * * LOW HITPOINT WARNING * * *
You hit Terence but do no damage.
Terence is almost dead.
Terence hits you with a +2 short sword of freezing!
* * * LOW HITPOINT WARNING * * *
You feel yourself slow down. Terence freezes you.
You die...

##### .... ... ..####.#
..#..... .# .#
########..#....##.#..#
#.....@@..#.....#.#..#
#######.#.####......_$....
####...).#.#... ..#.#..!..#
...#.###.#.##### #.#.##....#
##.#.# #.#.# ####.#.......#
#....# #.#.# #....####.####.#
########'#'####.............(#
# #........#........)###### #
#........#######'###


You could see Terence.

Vanquished Creatures
  An adder (D:2)
  An ooze (D:1)
  4 dart slugs (D:1)
  2 leopard geckos (D:1)
  6 bats
  2 giant cockroaches (D:1)
  6 goblins
  4 hobgoblins
  A ball python (D:2)
  5 frilled lizards
  2 kobolds (D:1)
  8 rats
42 creatures vanquished.

Notes
Turn   | Place    | Note
-------+----------+-------------------------------------------
     0 | D:1      | vvl the Draconian Air Elementalist began the quest for the
                  | Orb.
     0 | D:1      | Reached XP level 1. HP: 14/14 MP: 3/3
    82 | D:1      | Reached XP level 2. HP: 20/20 MP: 1/5
   567 | D:1      | Reached XP level 3. HP: 27/27 MP: 0/6
  1190 | D:1      | Reached skill level 1 in Unarmed Combat
  1435 | D:2      | Noticed a +0 dagger
  1556 | D:2      | Found a hide-covered altar of Uskayaw.
  1556 | D:2      | Noticed a +0 hand axe
  1732 | D:2      | Found a burning altar of Makhleb.
  1734 | D:2      | Noticed Terence
  1785 | D:2      | HP: 1/27 [Terence/+2 short sword of freezing (1)]
  1812 | D:2      | HP: 1/27 [Terence/+2 short sword of freezing (7)]
  1812 | D:2      | Slain by Terence

Illustrated notes

Levels and vault maps discovered:
D:1:      scummos_arrival_forest, layout_loops_cross, minmay_door_square
D:2:      layout_basic, nicolae_overflow_crystal_walls, dancing_weapons_uskayaw,
          uniq_terence
D:3:      layout_loops_ring, uniq_grinder

Skill      XL: |  1  2  3 |
---------------+----------+-----
Unarmed Combat | 1 |  1.1
Dodging        | 2 |  2.0
Fighting       | |  0.8
Stealth        | |  1.8
Spellcasting   | |  2.4
Conjurations   | |  1.5
Air Magic      | |  3.8

Action                   || total
-------------------------++-------
Melee: Unarmed           ||   111
       Tailslap          ||    11
 Cast: Shock             ||    73
  Use: Potion            ||     3
 Stab: Sleeping          ||     3
Armor: Skin              ||    50
Dodge: Dodged            ||   114

Table legend: (Time is in decaauts)
 A = Elapsed time spent in this place.
 B = Non-inter-level travel time spent in this place.
 C = Inter-level travel time spent in this place.
 D = Time resting spent in this place.
 E = Time spent auto-exploring this place.
 F = Levels seen in this place.
 G = Mean time per level.
                   A        B        C        D        E       F      G
               +--------+--------+--------+--------+--------+-----+--------+
         Total |   1820 |   1759 |     61 |      0 |   1423 |   3 |  606.7 |
       Dungeon |   1820 |   1759 |     61 |      0 |   1423 |   3 |  606.7 |
               +--------+--------+--------+--------+--------+-----+--------+

Top non-repeatable levels by time:
     D:1: 1356 daAuts
     D:2: 461 daAuts
     D:3: 1 daAuts
